 Dungeon Crawl Stone Soup version 0.31.0-4-g52a2dc7128 (webtiles) character file.

Game seed: 6273435932437190240

35 zenocrate the Sneak (level 3, 0/16 HPs)
             Began as a Vine Stalker Enchanter on Jan 23, 2024.
             Slain by a goblin
             ... wielding a +0 club
             ... led by Robin
              (4 damage)
             ... on level 1 of the Dungeon.
             The game lasted 00:00:51 (976 turns).

zenocrate the Sneak (Vine Stalker Enchanter)         Turns: 976, Time: 00:00:52

Health: 0/16       AC:  2    Str: 10    XL:     3   Next: 35%
Magic:  0/7        EV: 12    Int: 15    God:
Gold:   35         SH:  0    Dex: 16    Spells: 1/6 levels left

rFire   . . .        a - +1 dagger
rCold   . . .        (no shield)
rNeg    . . .        b - +0 robe
rPois   .            (no helmet)
rElec   .            (no cloak)
rCorr   .            (no gloves)
SInv    .            (no boots)
Will    .....        (no amulet)
Stlth   +++          (no ring)
HPRegen 1.02/turn    (no ring)
MPRegen 0.10/turn

%: guardian spirit
@: no status effects
A: fangs 2, regeneration 1, magic shield, antimagic bite, no potion heal 2
a: no special abilities


You were on level 1 of the Dungeon.
You visited 1 branch of the dungeon, and saw 2 of its levels.

You collected 35 gold pieces.

Inventory:

Hand Weapons
 a - a +1 dagger (weapon)
Armour
 b - a +0 robe (worn)
Scrolls
 d - 2 scrolls of noise {unknown}
 f - 2 scrolls of teleportation {unknown}
 h - a scroll of brand weapon {unknown}
 i - a scroll of enchant armour {unknown}
Potions
 c - 2 potions of invisibility
 e - a potion of resistance {unknown}
 g - 2 potions of haste {unknown}


   Skills:
 + Level 1.4 Short Blades
 + Level 1.9 Dodging
 + Level 4.1 Stealth
 - Level 2.1 Spellcasting
 * Level 3.4 Hexes
 + Level 0.4 Ice Magic


You had one spell level left.
You knew the following spells:

 Your Spells              Type           Power      Damage    Failure   Level
a - Ensorcelled Hibernat  Hex/Ice        14%        N/A       16%         2
b - Confusing Touch       Hex            11%        N/A       16%         3

Your spell library contained the following spells:

 Spells                   Type           Power      Damage    Failure   Level
 Tukima's Dance           Hex            11%        N/A       16%         3
 Dazzling Flash           Conj/Hex       12%        N/A       32%         3
 Gell's Gravitas          Tloc           1%         N/A       54%         3
 Teleport Other           Tloc           1%         N/A       54%         3
 Dispersal                Tloc           0%         N/A       100%        6


Dungeon Overview and Level Annotations

Branches:
Dungeon (2/15)

Altars:

Annotations:
D:2 Robin


Innate Abilities, Weirdness & Mutations

You have extremely sharp teeth.
Your natural rate of healing is unusually fast.
When hurt, damage is shared between your health and your magic reserves.
Your bite disrupts and absorbs the magic of your enemies.
Potions cannot restore your health.


Message History

There is a stone staircase leading down here.
You climb downwards.
There is a stone staircase leading up here.
There are monsters nearby!
The helpless goblin fails to defend itself.
You impale the goblin!!
You kill the goblin!
The goblin shouts!
You hear a shout!
The goblin closely misses you. Robin throws the goblin at you!
The goblin shouts! x3
There are monsters nearby!
The goblin shouts!
You hit the goblin.
The goblin is moderately wounded.
There are monsters nearby!
You hit the goblin but do no damage.
The goblin is moderately wounded.
Robin throws the goblin at you! The goblin misses you.
The goblin hits you with a +0 club.
Unknown command.
The goblin hits you with a +0 club. x2
Robin roars a battlecry!
The goblins go into a battle-frenzy!
You climb upwards.
There is a stone staircase leading down here.
Casting: Ensorcelled Hibernation (safe; 16% risk of failure)
Confirm with . or Enter, or press ? or * to list all spells.
Aiming: Ensorcelled Hibernation (safe; 16% risk of failure)
Press: ? - help, Shift-Dir - straight line, f - goblin
Aim: a goblin, wielding a +0 club (moderately wounded, strong, chance to affect: 58%)
The goblin resists with significant effort.
The goblin hits you with a +0 club. x2
Unknown command.
You hit the goblin. You bite the goblin. You drain its power.
You feel invigorated.
The goblin is severely wounded.
The goblin hits you with a +0 club.
* * * LOW HITPOINT WARNING * * *
The goblin hits you with a +0 club.
You die...

#..........###...
#..........######
#......).....####
#................
#####................
#.......###.†........
#........##..........
#...g....#######'####
#..g@................
#........####.#......
#........# #.#......
####'###.####....####
#.....#.......#.....
#.....#######.######
#.....+.............
#.....##.##.#......#
#.....#.....#.......


You could see 2 goblins.

Vanquished Creatures
  4 dart slugs (D:1)
  A ball python (D:1)
  An endoplasm (D:1)
  4 giant cockroaches (D:1)
  2 goblins
  4 hobgoblins (D:1)
  A quokka (D:1)
  2 bats (D:1)
  4 frilled lizards (D:1)
  2 kobolds (D:1)
25 creatures vanquished.

Notes
Turn   | Place    | Note
-------+----------+-------------------------------------------
     0 | D:1      | zenocrate the Vine Stalker Enchanter began the quest for
                  | the Orb.
     0 | D:1      | Reached XP level 1. HP: 9/9 MP: 4/4
    48 | D:1      | Reached skill level 1 in Short Blades
    56 | D:1      | Reached XP level 2. HP: 8/13 MP: 3/6
   118 | D:1      | Found a faded altar of an unknown god.
   162 | D:1      | Learned a level 2 spell: Ensorcelled Hibernation
   234 | D:1      | Reached skill level 4 in Stealth
   379 | D:1      | Reached XP level 3. HP: 16/16 MP: 7/7
   383 | D:1      | Learned a level 3 spell: Confusing Touch
   969 | D:2      | Noticed Robin
   976 | D:1      | Slain by a goblin

Illustrated notes

Levels and vault maps discovered:
D:1:      kennysheep_arrival_seaside, layout_basic, basic_ecumenical_altar,
          minmay_tetromino_i2
D:2:      minmay_alternating_diamond, layout_rooms, interstate_on_off,
          uniq_sigmund, uniq_robin

Skill      XL: |  1  2 |
---------------+-------+-----
Short Blades   | 1 |  1.4
Stealth        | 4 |  4.1
Dodging        | |  1.9
Spellcasting   | |  2.1
Hexes          | |  3.4
Ice Magic      | |  0.4

Action                     || total
---------------------------++-------
  Melee: Dagger            ||    59
         Bite              ||    18
         Punch             ||     1
   Cast: Ensorcelled Hiber ||     4
   Stab: Sleeping          ||    13
 Armour: Robe              ||    34
  Dodge: Dodged            ||    25
